General information
- name: BNet
- type: Ladder team game (AT/RT)
- host: Battle.net
- saver: OWNYOU
map: MarketSquare
- players: 8
- length: 48:55
- speed: Fast
- version: 1.28 W3XP
- replay type: Public
» download(289 KB)
Players
team 1 (loser)
sades45 (
purple | 83 APM | 1250 actions | 15:04)
3 Keeper of the Grove
2 Force of Nature
1 Entangling Roots
3 Priestess of the Moon
2 Scout
1 Trueshot Aura
» actions
| Assign group hotkey | 21 | |
| Basic commands | 29 | |
| Build / train | 85 | |
| Enter build submenu | 17 | |
| Enter hero's abilities submenu | 6 | |
| Right click | 330 | |
| Select / deselect | 208 | |
| Select group hotkey | 505 | |
| Use ability | 49 | |
1250 total
» units
| Wisp | 25 | |
| Archer | 19 | |
| Hippogryph | 17 | |
61 total
» upgrades
| Moon Armor | 1 | |
| Improved Bows | 1 | |
| Strength of the Moon | 1 | |
| Hippogryph Taming | 1 | |
| Marksmanship | 1 | |
5 total
» buildings
| Moon Well | 6 | |
| Altar of Elders | 1 | |
| Ancient of War | 2 | |
| Tree of Ages | 4 | |
| Hunter's Hall | 1 | |
| Tree of Life | 1 | |
| Ancient of Wind | 2 | |
| Ancient Protector | 2 | |
| Tree of Eternity | 1 | |
| Ancient of Wonders | 1 | |
21 total
» build order
00:23 Moon Well
00:38 Altar of Elders
01:34 Ancient of War
01:38 Moon Well
01:47 Ancient of War
02:06 Moon Well
02:26 Moon Well
05:15 Tree of Ages
05:15 Tree of Ages
05:16 Tree of Ages
05:45 Moon Well
05:59 Hunter's Hall
07:04 Tree of Life
08:14 Ancient of Wind
08:23 Ancient of Wind
10:01 Ancient Protector
10:16 Ancient Protector
11:27 Tree of Eternity
12:01 Ancient of Wonders
12:50 Moon Well
» items
| Scroll of Town Portal | 2 | |
| Potion of Healing | 1 | |
| Scroll of Regeneration | 1 | |
4 total
killpeondancer (
orange | 73 APM | 1100 actions | 15:00)
3 Archmage
1 Summon Water Elemental
2 Blizzard
» actions
| Assign group hotkey | 12 | |
| Basic commands | 115 | |
| Build / train | 67 | |
| Enter build submenu | 27 | |
| Enter hero's abilities submenu | 3 | |
| Remove unit from queue | 1 | |
| Right click | 289 | |
| Select / deselect | 250 | |
| Select group hotkey | 291 | |
| Use ability | 45 | |
1100 total
» units
| Peasant | 27 | |
| Rifleman | 7 | |
| Mortar Team | 5 | |
| Knight | 1 | |
40 total
» upgrades
| Gunpowder | 1 | |
| Armor | 1 | |
| Long Rifles | 1 | |
| Lumber Harvesting | 1 | |
| Animal War Training | 1 | |
| Fragmentation Shards | 1 | |
| Flare | 1 | |
7 total
» buildings
| Altar of Kings | 1 | |
| Farm | 7 | |
| Blacksmith | 1 | |
| Barracks | 1 | |
| Scout Tower | 9 | |
| Lumber Mill | 1 | |
| Arcane Tower | 4 | |
| Arcane Vault | 2 | |
| Guard Tower | 7 | |
| Keep | 1 | |
| Town Hall | 1 | |
| Workshop | 2 | |
| Castle | 1 | |
38 total
» build order
00:55 Altar of Kings
01:05 Farm
01:06 Farm
01:12 Blacksmith
01:36 Barracks
01:52 Scout Tower
01:53 Scout Tower
01:56 Lumber Mill
02:41 Arcane Tower
03:12 Scout Tower
03:18 Scout Tower
03:36 Arcane Tower
03:42 Arcane Tower
03:59 Farm
04:08 Arcane Vault
04:27 Guard Tower
04:51 Scout Tower
05:07 Farm
05:19 Guard Tower
06:06 Keep
07:31 Farm
08:09 Farm
08:15 Town Hall
08:17 Scout Tower
08:17 Scout Tower
08:19 Scout Tower
08:49 Workshop
08:58 Arcane Tower
09:12 Guard Tower
09:12 Guard Tower
09:13 Guard Tower
09:36 Guard Tower
10:24 Scout Tower
11:00 Castle
11:13 Guard Tower
12:17 Arcane Vault
12:31 Workshop
12:37 Farm
» items
lionandthecub (
yellow | 86 APM | 4219 actions | 48:54)
9 Blademaster
3 Wind Walk
3 Critical Strike
1 Bladestorm
2 Mirror Image
1 Demon Hunter
1 Evasion
1 Keeper of the Grove
1 Thorns Aura
4 Shadow Hunter
3 Hex
1 Healing Wave
» actions
| Assign group hotkey | 89 | |
| Basic commands | 77 | |
| Build / train | 112 | |
| Enter build submenu | 41 | |
| Enter hero's abilities submenu | 17 | |
| Right click | 1958 | |
| Select / deselect | 481 | |
| Select group hotkey | 1194 | |
| Use ability | 250 | |
4219 total
» units
| Peon | 24 | |
| Grunt | 4 | |
| Wind Rider | 5 | |
| Troll Batrider | 21 | |
| Hippogryph | 6 | |
| Raider | 2 | |
62 total
» upgrades
| Reinforced Defenses | 1 | |
| Ranged Weapons | 1 | |
| Liquid Fire | 1 | |
| Armor | 1 | |
4 total
» buildings
| Altar of Storms | 1 | |
| Orc Burrow | 7 | |
| Barracks | 1 | |
| Voodoo Lounge | 2 | |
| Stronghold | 2 | |
| War Mill | 1 | |
| Great Hall | 2 | |
| Watch Tower | 23 | |
| Beastiary | 4 | |
| Fortress | 2 | |
| Scout Tower | 24 | |
| Guard Tower | 4 | |
| Cannon Tower | 2 | |
| Arcane Tower | 2 | |
77 total
» build order
00:06 Altar of Storms
00:23 Orc Burrow
00:38 Barracks
01:25 Orc Burrow
01:58 Voodoo Lounge
02:55 Stronghold
03:39 Orc Burrow
04:21 War Mill
04:46 Orc Burrow
05:27 Great Hall
05:46 Watch Tower
06:54 Watch Tower
07:02 Beastiary
07:03 Beastiary
07:22 Fortress
07:22 Fortress
07:54 Watch Tower
08:07 Watch Tower
08:27 Watch Tower
09:18 Watch Tower
09:18 Watch Tower
09:58 Watch Tower
10:01 Watch Tower
10:57 Watch Tower
11:05 Watch Tower
11:08 Watch Tower
11:40 Watch Tower
12:21 Watch Tower
12:39 Beastiary
12:49 Orc Burrow
12:52 Beastiary
14:38 Orc Burrow
15:59 Watch Tower
15:59 Watch Tower
16:00 Watch Tower
16:00 Watch Tower
16:01 Watch Tower
17:05 Orc Burrow
18:33 Scout Tower
18:34 Scout Tower
18:35 Scout Tower
18:35 Scout Tower
18:37 Scout Tower
18:37 Scout Tower
18:37 Scout Tower
18:38 Scout Tower
18:38 Scout Tower
18:44 Watch Tower
18:44 Watch Tower
18:45 Watch Tower
18:53 Scout Tower
18:53 Scout Tower
18:53 Scout Tower
18:54 Scout Tower
19:09 Guard Tower
19:56 Guard Tower
19:56 Guard Tower
20:38 Watch Tower
21:31 Scout Tower
21:32 Scout Tower
21:33 Scout Tower
21:33 Scout Tower
21:45 Scout Tower
21:46 Scout Tower
22:27 Cannon Tower
22:27 Cannon Tower
23:22 Arcane Tower
23:22 Arcane Tower
32:07 Voodoo Lounge
32:11 Scout Tower
32:11 Scout Tower
44:40 Great Hall
» items
| Healing Salve | 4 | |
| Orb of Lightning | 1 | |
| Scroll of Town Portal | 4 | |
| Potion of Mana | 2 | |
| Potion of Healing | 1 | |
| Lesser Clarity Potion | 1 | |
| Tiny Great Hall | 1 | |
14 total

»
Fighter2 (
green | 33 APM | 497 actions | 15:10)
2 Demon Hunter
1 Immolation
1 Evasion
1 Keeper of the Grove
1 Entangling Roots
» actions
| Assign group hotkey | 12 | |
| Basic commands | 1 | |
| Build / train | 49 | |
| Enter build submenu | 16 | |
| Enter hero's abilities submenu | 3 | |
| Right click | 224 | |
| Select / deselect | 137 | |
| Select group hotkey | 14 | |
| Use ability | 41 | |
497 total
» units
| Wisp | 20 | |
| Archer | 11 | |
| Hippogryph | 4 | |
35 total
» upgrades
| Strength of the Moon | 1 | |
| Improved Bows | 1 | |
| Marksmanship | 1 | |
| Strength of the Wild | 2 | |
| Reinforced Hides | 1 | |
6 total
» buildings
| Moon Well | 4 | |
| Altar of Elders | 1 | |
| Ancient of War | 1 | |
| Hunter's Hall | 1 | |
| Ancient Protector | 2 | |
| Tree of Ages | 1 | |
| Tree of Life | 2 | |
| Ancient of Wind | 2 | |
| Tree of Eternity | 1 | |
| Ancient of Wonders | 1 | |
16 total
» build order
02:53 Moon Well
02:56 Altar of Elders
03:04 Ancient of War
04:12 Hunter's Hall
04:48 Moon Well
05:14 Moon Well
05:58 Ancient Protector
06:50 Tree of Ages
07:40 Moon Well
08:21 Ancient Protector
09:40 Tree of Life
10:33 Ancient of Wind
11:25 Tree of Eternity
12:18 Tree of Life
12:26 Ancient of Wonders
14:28 Ancient of Wind
team 2 (winner)

»
deadbeatdavid13 (
blue | 80 APM | 3346 actions | 41:47)
9 Pandaren Brewmaster
3 Breath of Fire
3 Drunken Haze
1 Storm Earth and Fire
2 Drunken Brawler
» actions
| Assign group hotkey | 28 | |
| Basic commands | 228 | |
| Build / train | 97 | |
| Enter build submenu | 45 | |
| Enter hero's abilities submenu | 9 | |
| Right click | 2065 | |
| Select / deselect | 584 | |
| Select group hotkey | 90 | |
| Use ability | 200 | |
3346 total
» units
| Wisp | 46 | |
| Archer | 9 | |
| Druid of the Claw | 6 | |
61 total
» upgrades
| Ultravision | 1 | |
| Strength of the Wild | 1 | |
| Reinforced Hides | 2 | |
| Druid of the Claw Training | 2 | |
| Nature's Blessing | 1 | |
7 total
» buildings
| Ancient of War | 2 | |
| Moon Well | 8 | |
| Altar of Elders | 1 | |
| Tree of Ages | 4 | |
| Hunter's Hall | 1 | |
| Ancient of Wonders | 1 | |
| Ancient of Lore | 7 | |
| Tree of Eternity | 2 | |
| Ancient Protector | 17 | |
| Tree of Life | 2 | |
45 total
» build order
00:08 Ancient of War
00:10 Ancient of War
00:21 Moon Well
00:49 Altar of Elders
01:50 Moon Well
02:46 Moon Well
03:31 Tree of Ages
03:48 Hunter's Hall
04:28 Ancient of Wonders
05:58 Ancient of Lore
07:58 Ancient of Lore
07:59 Tree of Eternity
07:59 Tree of Eternity
08:02 Ancient of Lore
08:15 Moon Well
08:17 Moon Well
14:39 Ancient of Lore
14:40 Ancient of Lore
16:01 Ancient of Lore
16:02 Ancient of Lore
16:04 Ancient Protector
16:06 Ancient Protector
18:31 Tree of Life
20:28 Tree of Life
25:08 Tree of Ages
25:08 Tree of Ages
32:11 Moon Well
32:33 Ancient Protector
32:34 Ancient Protector
35:56 Moon Well
36:22 Moon Well
36:42 Ancient Protector
37:22 Ancient Protector
37:23 Ancient Protector
37:23 Ancient Protector
37:25 Ancient Protector
37:27 Ancient Protector
38:33 Ancient Protector
38:34 Ancient Protector
38:36 Ancient Protector
38:37 Ancient Protector
38:38 Ancient Protector
» items
| Orb of Venom | 1 | |
| Scroll of Town Portal | 1 | |
| Staff of Teleportation | 1 | |
| Boots of Speed | 1 | |
| Potion of Lesser Invulnerability | 1 | |
5 total
nigmin (
pink | 35 APM | 1691 actions | 48:54)
6 Blademaster
1 Wind Walk
3 Critical Strike
1 Mirror Image
1 Bladestorm
» actions
| Assign group hotkey | 20 | |
| Basic commands | 81 | |
| Build / train | 111 | |
| ESC pressed | 10 | |
| Enter build submenu | 53 | |
| Enter hero's abilities submenu | 6 | |
| Right click | 472 | |
| Select / deselect | 282 | |
| Select group hotkey | 549 | |
| Use ability | 107 | |
1691 total
» units
» upgrades
| Spiked Barricades | 2 | |
| Ranged Weapons | 3 | |
| Armor | 2 | |
| Envenomed Spears | 1 | |
| Reinforced Defenses | 1 | |
9 total
» buildings
| Altar of Storms | 1 | |
| Orc Burrow | 8 | |
| War Mill | 1 | |
| Voodoo Lounge | 2 | |
| Watch Tower | 19 | |
| Stronghold | 1 | |
| Great Hall | 15 | |
| Fortress | 1 | |
| Beastiary | 4 | |
52 total
» build order
00:10 Altar of Storms
00:15 Orc Burrow
00:57 War Mill
01:37 Orc Burrow
02:01 Voodoo Lounge
02:05 Voodoo Lounge
02:19 Watch Tower
02:43 Watch Tower
03:11 Watch Tower
03:16 Watch Tower
03:46 Watch Tower
03:50 Watch Tower
04:59 Watch Tower
05:21 Stronghold
06:10 Great Hall
06:18 Orc Burrow
07:03 Orc Burrow
07:05 Watch Tower
07:06 Watch Tower
07:44 Fortress
08:03 Beastiary
08:07 Beastiary
09:49 Watch Tower
13:01 Watch Tower
13:03 Watch Tower
13:05 Watch Tower
13:35 Watch Tower
13:47 Watch Tower
13:49 Watch Tower
14:16 Watch Tower
14:28 Watch Tower
14:33 Watch Tower
15:14 Great Hall
16:02 Great Hall
16:56 Great Hall
17:17 Great Hall
18:32 Great Hall
19:06 Great Hall
19:22 Great Hall
20:40 Great Hall
21:11 Orc Burrow
21:13 Orc Burrow
23:17 Great Hall
23:36 Great Hall
25:45 Beastiary
25:46 Beastiary
28:29 Great Hall
28:45 Great Hall
29:45 Great Hall
31:11 Orc Burrow
32:46 Great Hall
36:22 Orc Burrow
» items
| Healing Salve | 1 | |
| Lesser Clarity Potion | 1 | |
| Orb of Lightning | 1 | |
3 total
NoobListBelow (
teal | 30 APM | 1295 actions | 42:55)
7 Demon Hunter
3 Evasion
3 Immolation
1 Metamorphosis
6 Priestess of the Moon
3 Trueshot Aura
2 Scout
1 Starfall
» actions
| Basic commands | 18 | |
| Build / train | 81 | |
| Enter build submenu | 16 | |
| Enter hero's abilities submenu | 13 | |
| Give item / drop item | 5 | |
| Right click | 733 | |
| Select / deselect | 370 | |
| Use ability | 59 | |
1295 total
» units
| Wisp | 22 | |
| Archer | 6 | |
| Faerie Dragon | 10 | |
| Hippogryph | 6 | |
44 total
» upgrades
| Strength of the Moon | 1 | |
| Strength of the Wild | 3 | |
| Reinforced Hides | 3 | |
| Well Spring | 1 | |
| Ultravision | 1 | |
9 total
» buildings
| Moon Well | 8 | |
| Ancient of War | 1 | |
| Altar of Elders | 1 | |
| Hunter's Hall | 1 | |
| Tree of Life | 1 | |
| Tree of Ages | 3 | |
| Ancient of Wind | 3 | |
| Ancient of Wonders | 1 | |
| Tree of Eternity | 1 | |
20 total
» build order
00:23 Moon Well
00:32 Ancient of War
00:37 Altar of Elders
01:28 Moon Well
02:27 Hunter's Hall
03:30 Tree of Life
04:12 Tree of Ages
04:12 Tree of Ages
06:46 Ancient of Wind
06:47 Ancient of Wind
06:49 Ancient of Wind
06:52 Ancient of Wonders
07:30 Moon Well
08:04 Moon Well
08:35 Moon Well
08:42 Tree of Eternity
09:40 Moon Well
10:43 Moon Well
12:19 Moon Well
» items
| Scroll of Town Portal | 5 | |
| Potion of Lesser Invulnerability | 2 | |
7 total
OWNYOU (
red | 110 APM | 5397 actions | 48:55)
5 Archmage
2 Summon Water Elemental
2 Brilliance Aura
1 Blizzard
2 Blood Mage
1 Flame Strike
1 Banish
1 Mountain King
1 Bash
» actions
| Assign group hotkey | 96 | |
| Basic commands | 770 | |
| Build / train | 145 | |
| Enter build submenu | 50 | |
| Enter hero's abilities submenu | 8 | |
| Give item / drop item | 6 | |
| Right click | 1225 | |
| Select / deselect | 569 | |
| Select group hotkey | 2288 | |
| Use ability | 240 | |
5397 total
» units
| Peasant | 14 | |
| Footman | 4 | |
| Sorceress | 1 | |
| Dragonhawk Rider | 11 | |
| Gryphon Rider | 14 | |
44 total
» upgrades
| Masonry | 3 | |
| Sorceress Training | 2 | |
| Gunpowder | 1 | |
| Swords | 3 | |
| Armor | 3 | |
| Storm Hammers | 1 | |
| Cloud | 1 | |
| Animal War Training | 1 | |
15 total
» buildings
| Altar of Kings | 1 | |
| Farm | 20 | |
| Barracks | 1 | |
| Arcane Vault | 1 | |
| Lumber Mill | 1 | |
| Keep | 2 | |
| Scout Tower | 18 | |
| Town Hall | 1 | |
| Arcane Tower | 1 | |
| Blacksmith | 2 | |
| Guard Tower | 28 | |
| Castle | 1 | |
| Arcane Sanctum | 1 | |
| Gryphon Aviary | 4 | |
82 total
» build order
00:41 Altar of Kings
00:44 Farm
01:07 Barracks
01:10 Farm
01:21 Farm
01:22 Farm
01:59 Arcane Vault
02:07 Lumber Mill
02:16 Farm
03:55 Keep
04:10 Scout Tower
04:38 Town Hall
04:46 Arcane Tower
05:44 Blacksmith
05:53 Scout Tower
05:54 Scout Tower
06:05 Scout Tower
06:07 Scout Tower
06:11 Scout Tower
06:13 Scout Tower
06:14 Scout Tower
06:47 Guard Tower
06:47 Guard Tower
07:00 Castle
07:03 Guard Tower
07:03 Guard Tower
07:03 Guard Tower
07:13 Guard Tower
07:19 Guard Tower
07:58 Arcane Sanctum
08:31 Guard Tower
08:32 Guard Tower
08:36 Guard Tower
08:40 Farm
08:56 Blacksmith
10:07 Scout Tower
10:09 Scout Tower
10:36 Guard Tower
10:36 Guard Tower
10:41 Guard Tower
10:41 Guard Tower
10:41 Guard Tower
10:47 Gryphon Aviary
10:52 Gryphon Aviary
15:56 Gryphon Aviary
15:58 Gryphon Aviary
16:05 Farm
16:08 Farm
16:11 Farm
17:29 Scout Tower
17:30 Scout Tower
17:34 Scout Tower
17:37 Scout Tower
17:38 Scout Tower
17:38 Scout Tower
17:40 Scout Tower
17:42 Scout Tower
18:13 Farm
18:15 Farm
18:19 Farm
19:07 Guard Tower
19:08 Guard Tower
19:15 Guard Tower
19:15 Guard Tower
19:15 Guard Tower
19:58 Farm
19:59 Farm
20:15 Guard Tower
20:15 Guard Tower
20:37 Farm
20:39 Farm
31:04 Farm
31:05 Farm
31:05 Farm
31:50 Farm
» items
| Mechanical Critter | 2 | |
| Scroll of Regeneration | 3 | |
| Periapt of Vitality | 2 | |
| Staff of Teleportation | 3 | |
| Potion of Invisibility | 2 | |
| Boots of Speed | 2 | |
| Tome of Retraining | 1 | |
| Ivory Tower | 5 | |
| Lesser Clarity Potion | 2 | |
| Staff of Sanctuary | 1 | |
| Scroll of Town Portal | 8 | |
| Tiny Great Hall | 1 | |
| Orb of Lightning | 1 | |
| Healing Salve | 1 | |
34 total
Chat log
(00:19 / All) nigmin: hello niggers
(06:51 / All) lionandthecub: noob
(12:25 / Allies) OWNYOU: wood me?
(12:32 / Allies) OWNYOU: ty
(13:32 / Allies) nigmin: wonder what teal is ding
(13:50 / Allies) NoobListBelow: #winning
(15:06 / All) lionandthecub: fucking babies
(17:48 / Allies) OWNYOU: lumber me?
(18:02 / Allies) OWNYOU: ty
(19:01 / Allies) OWNYOU: lumber?
(19:10 / Allies) OWNYOU: ty
(20:24 / All) lionandthecub: seriosuly blue
(20:25 / All) lionandthecub: the game is over
(20:35 / All) deadbeatdavid13: get owned by single Panda
(20:44 / All) lionandthecub: lol
(20:46 / All) lionandthecub: and ur mad u lost ur hall
(20:49 / All) OWNYOU: get owned by a single player
(21:05 / All) deadbeatdavid13: lololol
(21:16 / All) deadbeatdavid13: ownage Panda
(23:42 / All) deadbeatdavid13: come play with my pandaaaa
(24:14 / All) OWNYOU: omw
(26:51 / All) lionandthecub: idiots can kill towers lawl
(28:02 / All) lionandthecub: noob
(28:03 / All) lionandthecub: rofl
(28:10 / All) deadbeatdavid13: hmm 6k gold
(28:11 / All) deadbeatdavid13: no units
(28:12 / All) deadbeatdavid13: love itt
(28:18 / All) lionandthecub: and i tked
(28:19 / All) OWNYOU: you're going to have no units soon, blue
(28:20 / All) lionandthecub: big deal
(28:22 / All) lionandthecub: quit being a baby
(29:52 / All) OWNYOU: this would be al ot faster with mass tp
(31:47 / All) lionandthecub: so bad blue
(32:48 / All) OWNYOU: why won't these faggots give up
(33:15 / All) OWNYOU: out you stupid piece of shit
(33:16 / All) OWNYOU: YOU LOSE
(33:18 / All) OWNYOU: PINK
(33:23 / All) OWNYOU: WANT ME TO PAUSE SOYOU CAN FIND THE EXIT GAME BUTTON
(33:25 / All) OWNYOU: GET
(33:26 / All) OWNYOU: THE
(33:26 / All) OWNYOU: FUCK
(33:27 / All) OWNYOU: OUT
(33:34 / All) OWNYOU: YOU
(33:34 / All) OWNYOU: LOSE
(34:34 / Allies) OWNYOU: you lose
(34:41 / All) deadbeatdavid13: RUN
(34:42 / All) deadbeatdavid13: PANDA
(34:47 / All) deadbeatdavid13: RUN BOY
(35:18 / All) deadbeatdavid13: dats so mean
(35:25 / All) lionandthecub: quit acting like u dont care noob
(35:30 / All) OWNYOU: why the fuck are they still playing
(35:31 / Allies) OWNYOU: YOU LOSE
(35:32 / Allies) OWNYOU: YOU ALL LOSE
(37:01 / All) OWNYOU: move those fucking hippos
(38:13 / All) OWNYOU: KILL DH
(38:24 / All) lionandthecub: lawl
(38:26 / All) lionandthecub: noob blue
(38:27 / All) lionandthecub: out plz
(39:00 / All) OWNYOU: why are you idiots still playing
(39:02 / All) OWNYOU: YOU LOSE!
(39:54 / All) lionandthecub: thx
(39:56 / All) lionandthecub: leave homos
(40:32 / All) OWNYOU: they won't give up
(40:33 / All) OWNYOU: they're like ais
(41:25 / Allies) OWNYOU: enjoying controling your 1 wyvern?
(41:38 / All) lionandthecub: these guys are try hards to the tee
(41:48 / All) OWNYOU: pink is microing 1 wyvern around LOL
(41:51 / All) OWNYOU: trying to kill my base with it
(42:14 / All) OWNYOU: and you didn't get the tower
(42:17 / All) OWNYOU: how's it feel, pink?
(42:54 / All) OWNYOU: You lose
(42:55 / All) OWNYOU: Out
(43:06 / All) OWNYOU: Just you left, pink
(43:09 / All) OWNYOU: 427-422 now
(46:31 / Allies) OWNYOU: you lose
(48:04 / All) OWNYOU: these clan s4s scrubs don't know what hit them
(48:06 / All) OWNYOU: silent tryhards
(48:36 / All) lionandthecub: my team were such babies we should have just gave ur team the win.